 Dungeon Crawl Stone Soup version 0.31-a0-210-gccc998df9b (webtiles) character file.

Game seed: 14493739226767884834

100447 Drazool the Eclecticist (level 16, -1/120 HPs)
             Began as a Djinni Fire Elementalist on June 28, 2023.
             Was a High Priest of Ashenzari.
             Slain by a demonic crawler (7 damage)
             ... led by a torpor snail
             ... on level 1 of the Spider Nest on June 30, 2023.
             The game lasted 01:21:45 (27043 turns).

Drazool the Eclecticist (Djinni Fire Elementalist) Turns: 27043, Time: 01:21:46

Health: -1/120     AC:  5    Str:  9    XL:     16   Next: 79%
Gold:   1991       EV: 20    Int: 30    God:    Ashenzari [*****.] SH:  5 Dex: 15

rFire   + + .        a - +6 broad axe of Curses and Power {vamp, Alch, Elem} (curse)
rCold   + . .        K - sphere of Battle {Self, Elem} (curse)
rNeg    . . .        e - +1 robe of Vines {NoPotionHeal Regen++++}
rPois   ∞            V - +0 helmet of the Restrained Sphere {Evo, Alch} (curse)
rElec   .            z - scarf of the Ruined Secrets {+Inv, rPois rC+ Will++ rCorr, Self, Elem} (curse)
rCorr   +            R - +0 pair of gloves of the Shattered Pleiades {Elem, Bglg} (curse)
SInv    +            (boots unavailable)
Will    +++..        H - amulet of Ashenzari's Repose {Reflect rCorr Str+2 SH+5 Stlth+, Cun, Melee} (curse)
Stlth   ++++         I - ring of Toth-Mos's Legacy {Int+6, Cun, Evo} (curse)
HPRegen 3.60/turn    O - ring "At What Cost Knowledge?" {rC+ Slay+4 Stlth+, Bglg, Fort} (curse)
MPRegen 0.00/turn

%: reflection, clarity, infuse magic (-2 HP)
@: flying, slowed, very slow
A: sickness immunity, fire resistance 2, cold vulnerability 1, float, innate
caster, HP casting, extra vitality 1
a: Renounce Religion, Evoke Invisibility, Shatter the Chains


You were on level 1 of the Spider Nest.
You worshipped Ashenzari.
Ashenzari was extremely pleased with you.
You visited 5 branches of the dungeon, and saw 24 of its levels.
You also visited: Sewer and Ice Cave.

You collected 2173 gold pieces.
You spent 182 gold pieces at shops.


Innate Abilities, Weirdness & Mutations

You are immune to sickness and miasma.
You are immune to poison.
Your flesh is very heat resistant. (rF++)
You are vulnerable to cold. (rC-)
You float through the air rather than walking.
You learn spells naturally, not from books.
Your magical power is your life essence.
You have superior vitality. (+4 MHP)


   Skills:
 - Level 9.5(12.7) Fighting
 + Level 6.9(9.1) Axes
 - Level 3.3(5.2) Armour
 - Level 12.0(15.1) Dodging
 - Level 1.5(3.6) Stealth
 - Level 16.0(19.0) Spellcasting
 - Level 16.0(19.0) Conjurations
 - Level 16.0(19.0) Hexes
 - Level 16.0 Summonings
 - Level 16.0 Necromancy
 - Level 16.0(19.0) Translocations
 - Level 16.0(19.0) Transmutations
 - Level 16.0(20.9) Fire Magic
 - Level 16.0(20.9) Ice Magic
 - Level 16.0(20.9) Air Magic
 - Level 16.0(20.9) Earth Magic
 - Level 16.0(19.0) Poison Magic
 - Level 11.0(14.1) Evocations


You knew the following spells:

 Your Spells              Type           Power      Damage    Failure   Level
a - Kiss of Death         Conj/Necr      100%       2d13      0%          1
b - Conjure Ball Lightni  Conj/Air       61%        3x3d22    1%          6
c - Confusing Touch       Hex            64%        N/A       0%          3
f - Foxfire               Conj/Fire      100%       2x1d9     0%          1
i - Alistair's Intoxicat  Tmut/Pois      42%        N/A       0%          5
l - Lee's Rapid Deconstr  Erth           62%        3d28*     0%          5
o - Ozocubu's Armour      Ice            67%        N/A       0%          3
r - Inner Flame           Hex/Fire       100%       N/A       0%          3
t - Static Discharge      Conj/Air       100%       2-7/arc   0%          2
X - Scorch                Fire           100%       2d9       0%          2
Y - Volatile Blastmotes   Fire/Tloc      100%       2d18      0%          3
Z - Flame Wave            Conj/Fire      100%       2d21      0%          4
Your spell library was empty.

Inventory:

Hand Weapons
 a - the cursed +6 broad axe of Curses and Power (weapon) {vamp, Alch, Elem}
   (You found it on level 14 of the Dungeon)

   It has a curse which improves the following skills: Alchemy: Poison Magic and
   Transmutations.
   Elements:  Fire Magic, Ice Magic, Air Magic and Earth Magic.
Missiles
 o - 3 silver javelins
 x - 2 curare-tipped darts {=f}
Armour
 e - the +1 robe of Vines (worn) {NoPotionHeal Regen++++}
   (You found it on level 15 of the Dungeon)

   NoPotionHeal: Its wearer cannot be healed by potions.
   Regen:     It increases your rate of health regeneration.
 z - the cursed scarf of the Ruined Secrets (worn) {+Inv, rPois rC+ Will++ rCorr, Self, Elem}
   (You found it on level 2 of the Lair of Beasts)

   rC:        It protects you from cold.
   rPois:     It protects you from poison.
   rCorr:     It protects you from acid and corrosion.
   Will:      It greatly increases your willpower.
   It has a curse which improves the following skills: Introspection: Fighting
   and Spellcasting.
   Elements:  Fire Magic, Ice Magic, Air Magic and Earth Magic.
 J - a +0 buckler
 K - the cursed sphere of Battle (worn) {Self, Elem}
   (You found it on level 10 of the Dungeon)

   It enhances your destructive magic.
   It weakens your non-destructive magic.
   It summons a battlesphere in combat, with strength depending on Conjurations
   skill.
   It has a curse which improves the following skills: Introspection: Fighting
   and Spellcasting.
   Elements:  Fire Magic, Ice Magic, Air Magic and Earth Magic.
 R - the cursed +0 pair of gloves of the Shattered Pleiades (worn) {Elem, Bglg}
   (You found it on level 12 of the Dungeon)

   It has a curse which improves the following skills: Elements: Fire Magic, Ice
   Magic, Air Magic and Earth Magic.
   Beguiling: Conjurations, Hexes and Translocations.
 T - the +2 helmet of the Apricot {Fly}
   (You found it on level 13 of the Dungeon)

   Fly:       It grants you flight.
 V - the cursed +0 helmet of the Restrained Sphere (worn) {Evo, Alch}
   (You found it on level 7 of the Dungeon)

   It has a curse which improves the following skills: Evocations: Evocations.
   Alchemy:   Poison Magic and Transmutations.
Magical Staves
 u - a staff of cold {!a}
 M - a staff of conjuration {!a}
 N - a staff of earth {!a}
Jewellery
 c - a ring of protection from cold
 C - a ring of ice
 D - a +6 ring of dexterity
 E - a +5 ring of evasion
 H - the cursed amulet of Ashenzari's Repose (around neck) {Reflect rCorr Str+2 SH+5 Stlth+, Cun, Melee}
   (You found it on level 10 of the Dungeon)

   [amulet of reflection]

   It reflects blocked missile attacks.
   Str:       It affects your strength (+2).
   rCorr:     It protects you from acid and corrosion.
   SH:        It affects your SH (+5).
   Stlth:     It makes you more stealthy.
   It has a curse which improves the following skills: Cunning: Dodging and
   Stealth.
   Melee Combat: Short Blades, Long Blades, Axes, Maces & Flails, Polearms,
   Staves and Unarmed Combat.
 I - the cursed ring of Toth-Mos's Legacy (left hand) {Int+6, Cun, Evo}
   (You found it on level 6 of the Dungeon)

   [ring of intelligence]

   Int:       It affects your intelligence (+6).
   It has a curse which improves the following skills: Cunning: Dodging and
   Stealth.
   Evocations: Evocations.
 O - the cursed ring "At What Cost Knowledge?" (right hand) {rC+ Slay+4 Stlth+, Bglg, Fort}
   (You acquired it on level 4 of the Lair of Beasts)

   [ring of slaying]

   Slay:      It affects your accuracy & damage with ranged weapons and melee
   (+4).
   rC:        It protects you from cold.
   Stlth:     It makes you more stealthy.
   It has a curse which improves the following skills: Beguiling: Conjurations,
   Hexes and Translocations.
   Fortitude: Armour and Shields.
 W - a ring of willpower
 Z - an amulet of the acrobat
Wands
 k - a wand of roots (6)
 q - a wand of charming (29)
 s - a wand of acid (8)
 t - a wand of flame (66)
 w - a wand of mindburst (11)
 F - a wand of digging (18)
Scrolls
 b - 6 scrolls of teleportation {@r2}
 l - 2 scrolls of vulnerability
 m - 5 scrolls of blinking
 r - 3 scrolls of fog
 y - 3 scrolls of poison
 A - a scroll of brand weapon
 L - 2 scrolls of revelation
 P - 4 scrolls of fear
 Q - a scroll of butterflies
Potions
 d - 5 potions of invisibility
 g - 4 potions of ambrosia
 h - 12 potions of curing {@q1}
 i - 2 potions of resistance
 j - 2 potions of mutation
 n - 5 potions of brilliance
 p - 5 potions of heal wounds {@q2}
 B - 2 potions of might
 S - a potion of cancellation
 X - a potion of haste {@q3}
 Y - 2 potions of enlightenment
Miscellaneous
 G - a lightning rod (4/4)
 U - a phial of floods

Dungeon Overview and Level Annotations

Branches:
Dungeon (15/15)            Temple (1/1) D:5            Lair (5/5) D:8
 Shoals (0/4) Lair:2       Spider (1/4) Lair:3        Slime (0/5) Lair:5
    Orc (2/2) D:12            Elf (0/3) Orc:2        Vaults (0/5) D:14
 Depths (0/4) D:15          Sewer (visited)           IceCv (visited)

Altars:
Ashenzari
Cheibriados
Dithmenos
Elyvilon
Fedhas
Gozag
Hepliaklqana
Makhleb
Nemelex Xobeh
Okawaru
Qazlal
Ru
Trog
Uskayaw
Wu Jian
Xom
Yredelemnul
Zin
The Shining One
Jiyva

Shops:
D:6 *   D:11 =   D:13 :   Orc:2 ([!(=*

Annotations:
D:3 1 runed translucent door, Crazy Yiuf
D:5 2 transporters, lunkers's ghost, amateur MeWn
Orc:1 1 runed translucent door, Daonol's ghost, journeyman TrBe

,,^, , , * ,,, ,
,, , , *
,,*#..##.........,
, ,
##..#..........,,
* ,,
............... ,,
, *
,*#..............,
, ,,,
#.............. ,,
*
,,...............
, , ,, * ,
...^..s.w..✱... ,,
,* ,,,,#.s@s......
, ,, ,,#...s......
, , ,
,**,,*##.!.......
, , ,
**,,**##........ ,
,, ,, ,,*
#........ ,,* *, ,
*, * ##.....## * ,
,* * #...## , , ,*
##.# * *, ,,** , ,
**, ** ** ,


You could see a torpor snail, a demonic crawler, a culicivora, 2 redbacks and a
friendly battlesphere.


Message History

The flame wave engulfs the demonic crawler!!
The demonic crawler is moderately wounded.
The flame wave engulfs the tarantella!
You kill the tarantella!
The flame wave engulfs the torpor snail!
The torpor snail is severely wounded.
You finish channelling waves of flame.
You hear a faint skittering sound. x3
Your battlesphere fires!
The barrage of energy hits the redback!
The redback is heavily wounded.
A redback comes into view.
The culicivora bites you.
The demonic crawler barely misses you. x2
The demonic crawler hits you. The culicivora bites you!
The demonic crawler hits you! The demonic crawler closely misses you.
The demonic crawler completely misses you.
Unknown command.
The culicivora barely misses you. The demonic crawler hits you!
* * * LOW HITPOINT WARNING * * *
The demonic crawler hits you!
* * * LOW HITPOINT WARNING * * *
The demonic crawler hits you!
* * * LOW HITPOINT WARNING * * *
The redback barely misses you. The redback misses you.
The culicivora bites you!!
* * * LOW HITPOINT WARNING * * *
The torpor snail barely misses you. The demonic crawler hits you.
* * * LOW HITPOINT WARNING * * *
The demonic crawler hits you!
You die...

Skill      XL: |  1  2  3  4  5  6  7  8  9 10 11 12 13 14 15 16 |
---------------+-------------------------------------------------+-----
Spellcasting   | 4 5 6 8 10 12 13 14 16 | 16.0
Conjurations   | 4 5 6 8 10 12 13 14 16 | 16.0
Hexes          | 4 5 6 8 10 12 13 14 16 | 16.0
Summonings     | 4 5 6 8 10 12 13 14 16 | 16.0
Necromancy     | 4 5 6 8 10 12 13 14 16 | 16.0
Translocations | 4 5 6 8 10 12 13 14 16 | 16.0
Transmutations | 4 5 6 8 10 12 13 14 16 | 16.0
Fire Magic     | 4 5 6 8 10 12 13 14 16 | 16.0
Ice Magic      | 4 5 6 8 10 12 13 14 16 | 16.0
Air Magic      | 4 5 6 8 10 12 13 14 16 | 16.0
Earth Magic    | 4 5 6 8 10 12 13 14 16 | 16.0
Poison Magic   | 4 5 6 8 10 12 13 14 16 | 16.0
Fighting       | 6 8 9 |  9.5
Dodging        | 9 12 | 12.0
Evocations     | 11 | 11.0
Armour         | 3 |  3.3
Axes           | 6 |  6.9
Stealth        | |  1.5

Action                     |  1- 3 |  4- 6 |  7- 9 | 10-12 | 13-15 | 16-18 || total
---------------------------+-------+-------+-------+-------+-------+-------++-------
  Melee: Dagger            |       |       |     2 |    11 |       |       ||    13
   Cast: Foxfire           |    91 |    69 |   107 |   243 |   285 |    17 ||   812
         Scorch            |     3 |    13 |    42 |    84 |    29 |       ||   171
         Volatile Blastmot |       |     9 |    15 |    25 |       |       ||    49
         Flame Wave        |       |       |     3 |    21 |     7 |     1 ||    32
         Confusing Touch   |       |       |       |     3 |       |       ||     3
         Kiss of Death     |       |       |       |     1 |       |       ||     1
         Alistair's Intoxi |       |       |       |     1 |       |     1 ||     2
         Lee's Rapid Decon |       |       |       |       |   254 |    91 ||   345
 Invoke: Curse Item        |       |       |     3 |     3 |     4 |     1 ||    11
         Shatter the Chain |       |       |       |       |     1 |     2 ||     3
  Evoke: Wand              |       |       |     2 |    15 |     3 |     4 ||    24
         Lightning rod     |       |       |       |       |       |     1 ||     1
    Use: Scroll            |       |     2 |     7 |     2 |     1 |     4 ||    16
         Potion            |       |       |     2 |     2 |       |       ||     4
 Armour: Robe              |     1 |       |       |       |       |     1 ||     2
         Leather armour    |       |     1 |     7 |    16 |     1 |     1 ||    26
  Dodge: Dodged            |     2 |     5 |    14 |    43 |    22 |    22 ||   108
  Block: Orb               |       |       |       |    15 |     5 |     7 ||    27
         Reflection        |       |       |       |       |     4 |     2 ||     6

Levels and vault maps discovered:
D:1:      minmay_arrival_four_houses, layout_basic,
          dreamdust_ecumenical_altar_drowned_temple
D:2:      layout_rooms
D:3:      layout_loops_ring, mainiacjoe_overflow_surrounded_room,
          nicolae_kite_square_tiling_tiny, minmay_pentomino_pile, uniq_grinder,
          uniq_terence, uniq_crazy_yiuf_cottage
D:4:      layout_basic, uniq_ijyb
D:5:      layout_cave_pools, lemuel_temple_firewalk_b, gammafunk_ghost_arena,
          kennysheep_potato, uniq_eustachio, uniq_menkaure
D:6:      layout_cave_pods, elyvilon_altar_4, gup_sewer_entry_pipe,
          nicolae_good_shop
D:7:      layout_loops_ring, kennysheep_mini_moat,
          nicolae_overflow_crystal_walls
D:8:      layout_basic, minmay_lair_entry_grove
D:9:      layout_long_grid
D:10:     layout_basic, grunt_ministairs_2,
          hellmonk_guarded_unrand_sphere_of_battle
D:11:     layout_basic, serial_shops, nicolae_stop_n_shop_1,
          minmay_unpleasant_kobolds
D:12:     layout_roguey, orc_0_dummy, serial_co_window_serial,
          co_window_corner_a, co_window_corner_a, co_window_paths_b,
          co_window_of_opportunity_a, co_window_paths_a, co_window_paths_b,
          co_window_corner_b, co_window_2corner, co_window_paths_c,
          co_window_corner_ca, co_window_paths_c, co_window_broadway_c,
          co_window_corner_cb, co_window_4corner_b, co_window_paths_d,
          glass_columns_a
D:13:     layout_basic, serial_shops, shop
D:14:     layout_loops_ring, erik_vaults_2, ebering_ghost_reflecting_pool,
          nicolae_wu_jian_wuxing_cycle, okawaru_ov_weapons_minmay
D:15:     grunt_enter_depths_snipers, layout_basic, nemelex_altar_shiori,
          hellmonk_guarded_unrand_vines, uniq_roxanne
Temple:   regret_index_temple_mists
Lair:1:   layout_cave_pods, portal_ice_cave_rime
Lair:2:   layout_chaotic_city, elwin_shoals_entry_stream, beast_lair_carwin_5
Lair:3:   layout_regular_city, spider_nest_entry_web_field, uniq_nergalle
Lair:4:   layout_long_grid, st_stairs_5
Lair:5:   evilmike_catoblepas_cave, layout_gridlike, minmay_slime_entry_pillars,
          nicolae_lair_run_with_the_wolves, lemuel_fruit_tree
Spider:1: layout_cave_pods, hangedman_spider_tarantella_strand, uniq_rupert
Orc:1:    layout_caves, ebering_ghost_inner_flame, basic_altar
Orc:2:    st_orc_pillars, layout_diamond_mine, guppyfry_orc_lava_fort

Notes
Turn   | Place    | Note
-------+----------+-------------------------------------------
     0 | D:1      | Reached skill level 3 in Spellcasting
     0 | D:1      | Reached skill level 3 in Conjurations
     0 | D:1      | Reached skill level 3 in Hexes
     0 | D:1      | Reached skill level 3 in Summonings
     0 | D:1      | Reached skill level 3 in Necromancy
     0 | D:1      | Reached skill level 3 in Translocations
     0 | D:1      | Reached skill level 3 in Transmutations
     0 | D:1      | Reached skill level 3 in Fire Magic
     0 | D:1      | Reached skill level 3 in Ice Magic
     0 | D:1      | Reached skill level 3 in Air Magic
     0 | D:1      | Reached skill level 3 in Earth Magic
     0 | D:1      | Reached skill level 3 in Poison Magic
     0 | D:1      | Drazool the Djinni Fire Elementalist began the quest for
                  | the Orb.
     0 | D:1      | Drazool set off with the following spells memorised:
                  | Foxfire, Scorch, Volatile Blastmotes, Inner Flame, Flame
                  | Wave.
     0 | D:1      | Reached XP level 1. HP: 15/15 MP: 0/0
   123 | D:1      | Reached XP level 2. HP: 18/21 MP: 0/0
   427 | D:1      | Found a faded altar of an unknown god.
   493 | D:1      | Reached XP level 3. HP: 24/25 MP: 0/0
   493 | D:1      | Learned a level 1 spell: Kiss of Death
  1199 | D:2      | Reached skill level 4 in Spellcasting
  1199 | D:2      | Reached skill level 4 in Conjurations
  1199 | D:2      | Reached skill level 4 in Hexes
  1199 | D:2      | Reached skill level 4 in Summonings
  1199 | D:2      | Reached skill level 4 in Necromancy
  1199 | D:2      | Reached skill level 4 in Translocations
  1199 | D:2      | Reached skill level 4 in Transmutations
  1199 | D:2      | Reached skill level 4 in Fire Magic
  1199 | D:2      | Reached skill level 4 in Ice Magic
  1199 | D:2      | Reached skill level 4 in Air Magic
  1199 | D:2      | Reached skill level 4 in Earth Magic
  1199 | D:2      | Reached skill level 4 in Poison Magic
  1199 | D:2      | Reached XP level 4. HP: 26/31 MP: 0/0
  1318 | D:2      | Reached XP level 5. HP: 27/35 MP: 0/0
  1318 | D:2      | Learned a level 2 spell: Static Discharge
  1868 | D:3      | Found a burning altar of Makhleb.
  2074 | D:3      | Noticed Terence
  2084 | D:3      | Killed Terence
  2085 | D:3      | Reached skill level 5 in Spellcasting
  2085 | D:3      | Reached skill level 5 in Conjurations
  2085 | D:3      | Reached skill level 5 in Hexes
  2085 | D:3      | Reached skill level 5 in Summonings
  2085 | D:3      | Reached skill level 5 in Necromancy
  2085 | D:3      | Reached skill level 5 in Translocations
  2085 | D:3      | Reached skill level 5 in Transmutations
  2085 | D:3      | Reached skill level 5 in Fire Magic
  2085 | D:3      | Reached skill level 5 in Ice Magic
  2085 | D:3      | Reached skill level 5 in Air Magic
  2085 | D:3      | Reached skill level 5 in Earth Magic
  2085 | D:3      | Reached skill level 5 in Poison Magic
  2217 | D:3      | Reached XP level 6. HP: 37/40 MP: 0/0
  2332 | D:3      | Noticed Grinder
  2347 | D:3      | Killed Grinder
  2348 | D:3      | Reached XP level 7. HP: 19/45 MP: 0/0
  2348 | D:3      | Learned a level 3 spell: Confusing Touch
  2558 | D:3      | Found a runed translucent door.
  2559 | D:3      | Noticed Crazy Yiuf
  2921 | D:4      | Reached skill level 6 in Spellcasting
  2921 | D:4      | Reached skill level 6 in Conjurations
  2921 | D:4      | Reached skill level 6 in Hexes
  2921 | D:4      | Reached skill level 6 in Summonings
  2921 | D:4      | Reached skill level 6 in Necromancy
  2921 | D:4      | Reached skill level 6 in Translocations
  2921 | D:4      | Reached skill level 6 in Transmutations
  2921 | D:4      | Reached skill level 6 in Fire Magic
  2921 | D:4      | Reached skill level 6 in Ice Magic
  2921 | D:4      | Reached skill level 6 in Air Magic
  2921 | D:4      | Reached skill level 6 in Earth Magic
  2921 | D:4      | Reached skill level 6 in Poison Magic
  3069 | D:4      | Noticed Ijyb
  3081 | D:4      | Killed Ijyb
  3647 | D:5      | Entered Level 5 of the Dungeon
  3700 | D:5      | Noticed Menkaure
  3911 | D:5      | Found a staircase to the Ecumenical Temple.
  3920 | Temple   | Entered the Ecumenical Temple
  4003 | Temple   | Became a worshipper of Ashenzari the Shackled
  4143 | D:5      | Reached XP level 8. HP: 45/50 MP: 0/0
  4200 | D:5      | Reached skill level 7 in Spellcasting
  4200 | D:5      | Reached skill level 7 in Conjurations
  4200 | D:5      | Reached skill level 7 in Hexes
  4200 | D:5      | Reached skill level 7 in Summonings
  4200 | D:5      | Reached skill level 7 in Necromancy
  4200 | D:5      | Reached skill level 7 in Translocations
  4200 | D:5      | Reached skill level 7 in Transmutations
  4200 | D:5      | Reached skill level 7 in Fire Magic
  4200 | D:5      | Reached skill level 7 in Ice Magic
  4200 | D:5      | Reached skill level 7 in Air Magic
  4200 | D:5      | Reached skill level 7 in Earth Magic
  4200 | D:5      | Reached skill level 7 in Poison Magic
  4424 | D:5      | Killed Menkaure
  4468 | D:5      | Reached skill level 8 in Spellcasting
  4468 | D:5      | Reached skill level 8 in Conjurations
  4468 | D:5      | Reached skill level 8 in Hexes
  4468 | D:5      | Reached skill level 8 in Summonings
  4468 | D:5      | Reached skill level 8 in Necromancy
  4468 | D:5      | Reached skill level 8 in Translocations
  4468 | D:5      | Reached skill level 8 in Transmutations
  4468 | D:5      | Reached skill level 8 in Fire Magic
  4468 | D:5      | Reached skill level 8 in Ice Magic
  4468 | D:5      | Reached skill level 8 in Air Magic
  4468 | D:5      | Reached skill level 8 in Earth Magic
  4468 | D:5      | Reached skill level 8 in Poison Magic
  4554 | D:5      | Found a transporter.
  4555 | D:5      | Noticed Eustachio
  4559 | D:5      | Noticed lunkers's ghost (amateur MeWn)
  4561 | D:5      | Noticed a shadow
  4569 | D:5      | Killed Eustachio
  4719 | D:5      | Found a transporter.
  4796 | D:5      | Reached XP level 9. HP: 47/55 MP: 0/0
  4796 | D:5      | Learned a level 3 spell: Ozocubu's Armour
  5052 | D:6      | Found a glowing drain.
  5068 | Sewer    | Entered a sewer
  5079 | Sewer    | Noticed Pargi
  5085 | Sewer    | Killed Pargi
  5117 | Sewer    | Reached skill level 9 in Spellcasting
  5117 | Sewer    | Reached skill level 9 in Conjurations
  5117 | Sewer    | Reached skill level 9 in Hexes
  5117 | Sewer    | Reached skill level 9 in Summonings
  5117 | Sewer    | Reached skill level 9 in Necromancy
  5117 | Sewer    | Reached skill level 9 in Translocations
  5117 | Sewer    | Reached skill level 9 in Transmutations
  5117 | Sewer    | Reached skill level 9 in Fire Magic
  5117 | Sewer    | Reached skill level 9 in Ice Magic
  5117 | Sewer    | Reached skill level 9 in Air Magic
  5117 | Sewer    | Reached skill level 9 in Earth Magic
  5117 | Sewer    | Reached skill level 9 in Poison Magic
  5476 | D:6      | Reached * piety under Ashenzari
  5476 | D:6      | Identified a potion of resistance
  5721 | D:6      | Found a white marble altar of Elyvilon.
  5847 | D:6      | Found Nuxataer's Hallowed Reliquary.
  5847 | D:6      | Noticed an angel
  5939 | D:6      | Reached ** piety under Ashenzari
  6201 | D:7      | Found a shadowy altar of Dithmenos.
  6221 | D:7      | Found a blossoming altar of Fedhas.
  6248 | D:7      | Noticed a cyclops
  6256 | D:7      | HP: 4/55 [cyclops/large rock (44)]
  6264 | D:7      | Killed a cyclops
  6265 | D:7      | Reached skill level 10 in Spellcasting
  6265 | D:7      | Reached skill level 10 in Conjurations
  6265 | D:7      | Reached skill level 10 in Hexes
  6265 | D:7      | Reached skill level 10 in Summonings
  6265 | D:7      | Reached skill level 10 in Necromancy
  6265 | D:7      | Reached skill level 10 in Translocations
  6265 | D:7      | Reached skill level 10 in Transmutations
  6265 | D:7      | Reached skill level 10 in Fire Magic
  6265 | D:7      | Reached skill level 10 in Ice Magic
  6265 | D:7      | Reached skill level 10 in Air Magic
  6265 | D:7      | Reached skill level 10 in Earth Magic
  6265 | D:7      | Reached skill level 10 in Poison Magic
  6475 | D:7      | Reached XP level 10. HP: 55/60 MP: 0/0
  6726 | D:7      | Reached *** piety under Ashenzari
  7098 | D:7      | Reached skill level 11 in Spellcasting
  7098 | D:7      | Reached skill level 11 in Conjurations
  7098 | D:7      | Reached skill level 11 in Hexes
  7098 | D:7      | Reached skill level 11 in Summonings
  7098 | D:7      | Reached skill level 11 in Necromancy
  7098 | D:7      | Reached skill level 11 in Translocations
  7098 | D:7      | Reached skill level 11 in Transmutations
  7098 | D:7      | Reached skill level 11 in Fire Magic
  7098 | D:7      | Reached skill level 11 in Ice Magic
  7098 | D:7      | Reached skill level 11 in Air Magic
  7098 | D:7      | Reached skill level 11 in Earth Magic
  7098 | D:7      | Reached skill level 11 in Poison Magic
  7673 | D:8      | Found a staircase to the Lair.
  8190 | D:8      | Noticed a boulder beetle
  8239 | D:8      | Killed a boulder beetle
  8240 | D:8      | Reached skill level 12 in Spellcasting
  8240 | D:8      | Reached skill level 12 in Conjurations
  8240 | D:8      | Reached skill level 12 in Hexes
  8240 | D:8      | Reached skill level 12 in Summonings
  8240 | D:8      | Reached skill level 12 in Necromancy
  8240 | D:8      | Reached skill level 12 in Translocations
  8240 | D:8      | Reached skill level 12 in Transmutations
  8240 | D:8      | Reached skill level 12 in Fire Magic
  8240 | D:8      | Reached skill level 12 in Ice Magic
  8240 | D:8      | Reached skill level 12 in Air Magic
  8240 | D:8      | Reached skill level 12 in Earth Magic
  8240 | D:8      | Reached skill level 12 in Poison Magic
  8240 | D:8      | Reached XP level 11. HP: 41/65 MP: 0/0
  8240 | D:8      | Learned a level 5 spell: Alistair's Intoxication
  9598 | D:10     | Entered Level 10 of the Dungeon
  9639 | D:10     | Identified the +5 dire flail of Jum Wet {spect, *Corrode
                  | +Blink rPois Dex+3}
  9711 | D:10     | Identified the +4 arbalest "Sialuqou" {drain, rN+ Stlth+}
  9924 | D:10     | Reached skill level 13 in Spellcasting
  9924 | D:10     | Reached skill level 13 in Conjurations
  9924 | D:10     | Reached skill level 13 in Hexes
  9924 | D:10     | Reached skill level 13 in Summonings
  9924 | D:10     | Reached skill level 13 in Necromancy
  9924 | D:10     | Reached skill level 13 in Translocations
  9924 | D:10     | Reached skill level 13 in Transmutations
  9924 | D:10     | Reached skill level 13 in Fire Magic
  9924 | D:10     | Reached skill level 13 in Ice Magic
  9924 | D:10     | Reached skill level 13 in Air Magic
  9924 | D:10     | Reached skill level 13 in Earth Magic
  9924 | D:10     | Reached skill level 13 in Poison Magic
 10053 | D:10     | Identified the amulet "Tavi" {Reflect rCorr Str+2 SH+5
                  | Stlth+}
 10090 | D:10     | Reached skill level 1 in Fighting
 10180 | D:10     | Reached skill level 2 in Fighting
 10317 | D:10     | Found the sphere of Battle
 10562 | D:10     | Reached skill level 3 in Fighting
 10675 | Lair:1   | Entered Level 1 of the Lair of Beasts
 10689 | Lair:1   | Reached skill level 4 in Fighting
 10822 | Lair:1   | Found a frozen archway.
 10836 | IceCv    | Entered an ice cave
 10836 | IceCv    | Noticed a white ugly thing
 10842 | IceCv    | Reached skill level 5 in Fighting
 10846 | IceCv    | Killed a white ugly thing
 10893 | IceCv    | Found a transporter.
 10897 | IceCv    | Noticed a white ugly thing
 10898 | IceCv    | Identified the +1 robe of Aponovux {rElec rN+}
 10905 | IceCv    | Found a transporter.
 11003 | Lair:1   | Reached skill level 6 in Fighting
 11210 | D:8      | Reached XP level 12. HP: 77/84 MP: 0/0
 11235 | Lair:1   | Reached skill level 7 in Fighting
 11243 | Lair:1   | Reached skill level 8 in Fighting
 11392 | Lair:1   | Reached skill level 3 in Dodging
 11392 | Lair:1   | Reached **** piety under Ashenzari
 11707 | Lair:1   | Reached skill level 4 in Dodging
 11920 | Lair:1   | Reached skill level 5 in Dodging
 11935 | Lair:1   | Reached skill level 6 in Dodging
 12102 | Lair:2   | Reached skill level 7 in Dodging
 12113 | Lair:2   | Reached skill level 8 in Dodging
 12296 | Lair:2   | Identified the scarf "Woqen" {+Inv, rPois rC+ Will++ rCorr}
 12355 | Lair:2   | Reached skill level 9 in Dodging
 12355 | Lair:2   | Reached XP level 13. HP: 80/93 MP: 0/0
 12355 | Lair:2   | Learned a level 5 spell: Lee's Rapid Deconstruction
 12588 | Lair:2   | Reached skill level 10 in Dodging
 12734 | Lair:2   | Found a staircase to the Shoals.
 13064 | Lair:2   | Upgraded the game from 0.31-a0-208-gdb31a4691d to
                  | 0.31-a0-210-gccc998df9b
 13292 | Lair:3   | Reached skill level 11 in Dodging
 13342 | Lair:3   | Found a hole to the Spider Nest.
 13498 | Lair:3   | Reached skill level 12 in Dodging
 13812 | Lair:3   | Noticed Nergalle
 13819 | Lair:3   | Killed Nergalle
 14615 | Lair:4   | Identified a scroll of acquirement
 14645 | Lair:4   | Acquired the ring "Dinot" {rC+ Slay+4 Stlth+}
 14743 | Lair:4   | Reached ***** piety under Ashenzari
 15312 | Lair:5   | Entered Level 5 of the Lair of Beasts
 15348 | Lair:5   | Noticed a catoblepas
 15357 | Lair:5   | Killed a catoblepas
 15381 | Lair:5   | Noticed a catoblepas
 15530 | Lair:5   | Reached skill level 14 in Spellcasting
 15530 | Lair:5   | Reached skill level 14 in Conjurations
 15530 | Lair:5   | Reached skill level 14 in Hexes
 15530 | Lair:5   | Reached skill level 14 in Summonings
 15530 | Lair:5   | Reached skill level 14 in Necromancy
 15530 | Lair:5   | Reached skill level 14 in Translocations
 15530 | Lair:5   | Reached skill level 14 in Transmutations
 15530 | Lair:5   | Reached skill level 14 in Fire Magic
 15530 | Lair:5   | Reached skill level 14 in Ice Magic
 15530 | Lair:5   | Reached skill level 14 in Air Magic
 15530 | Lair:5   | Reached skill level 14 in Earth Magic
 15530 | Lair:5   | Reached skill level 14 in Poison Magic
 15595 | Lair:5   | Reached XP level 14. HP: 87/103 MP: 0/0
 16070 | Lair:5   | Found a viscous altar of Jiyva.
 16072 | Lair:5   | Found a staircase to the Slime Pits.
 16527 | Lair:5   | Reached skill level 15 in Spellcasting
 16527 | Lair:5   | Reached skill level 15 in Conjurations
 16527 | Lair:5   | Reached skill level 15 in Hexes
 16527 | Lair:5   | Reached skill level 15 in Summonings
 16527 | Lair:5   | Reached skill level 15 in Necromancy
 16527 | Lair:5   | Reached skill level 15 in Translocations
 16527 | Lair:5   | Reached skill level 15 in Transmutations
 16527 | Lair:5   | Reached skill level 15 in Fire Magic
 16527 | Lair:5   | Reached skill level 15 in Ice Magic
 16527 | Lair:5   | Reached skill level 15 in Air Magic
 16527 | Lair:5   | Reached skill level 15 in Earth Magic
 16527 | Lair:5   | Reached skill level 15 in Poison Magic
 17002 | Lair:5   | Identified the +2 buckler "Eppide" {*Slow rElec rC+++}
 17364 | D:11     | Found Dotemaej's Jewellery Shop.
 19046 | D:12     | Found a staircase to the Orcish Mines.
 19689 | Orc:1    | Entered Level 1 of the Orcish Mines
 19723 | Orc:1    | Found a runed translucent door.
 19797 | Orc:1    | Noticed Daonol's ghost (journeyman TrBe)
 19824 | Orc:2    | Entered Level 2 of the Orcish Mines
 19825 | Orc:2    | Found a staircase to the Elven Halls.
 19870 | Orc:2    | Reached skill level 16 in Spellcasting
 19870 | Orc:2    | Reached skill level 16 in Conjurations
 19870 | Orc:2    | Reached skill level 16 in Hexes
 19870 | Orc:2    | Reached skill level 16 in Summonings
 19870 | Orc:2    | Reached skill level 16 in Necromancy
 19870 | Orc:2    | Reached skill level 16 in Translocations
 19870 | Orc:2    | Reached skill level 16 in Transmutations
 19870 | Orc:2    | Reached skill level 16 in Fire Magic
 19870 | Orc:2    | Reached skill level 16 in Ice Magic
 19870 | Orc:2    | Reached skill level 16 in Air Magic
 19870 | Orc:2    | Reached skill level 16 in Earth Magic
 19870 | Orc:2    | Reached skill level 16 in Poison Magic
 19920 | Orc:2    | Reached XP level 15. HP: 110/112 MP: 0/0
 19920 | Orc:2    | Learned a level 6 spell: Conjure Ball Lightning
 19930 | Orc:2    | Reached skill level 1 in Evocations
 19937 | Orc:2    | Reached skill level 2 in Evocations
 20082 | Orc:2    | Reached skill level 3 in Evocations
 20436 | Orc:2    | Reached skill level 4 in Evocations
 20521 | Orc:2    | Reached skill level 5 in Evocations
 20642 | Orc:2    | Found Tyseytwu's Antique Armour Shop.
 20646 | Orc:2    | Found Varihobb's Antique Weapon Shoppe.
 21045 | Orc:2    | Reached skill level 6 in Evocations
 21275 | Orc:1    | Reached skill level 7 in Evocations
 21624 | Orc:2    | Reached skill level 8 in Evocations
 21825 | Orc:2    | Found Afyrops's Weapon Shop.
 21828 | Orc:2    | Found Ahijemya's Jewellery Boutique.
 21829 | Orc:2    | Found Ginlypt's Distillery.
 21830 | Orc:2    | Found Araj's Assorted Antiques.
 21833 | Orc:2    | Bought a potion of heal wounds for 70 gold pieces
 21833 | Orc:2    | Bought a potion of cancellation for 112 gold pieces
 22095 | Orc:1    | Noticed an orc warlord
 22438 | Orc:1    | Killed an orc warlord
 22762 | D:13     | Reached skill level 9 in Evocations
 22831 | D:13     | Identified the +2 buckler of the Thirteen Beggars {rC+}
 22912 | D:13     | Identified the +2 helmet of the Apricot {Fly}
 22915 | D:13     | Found Xiag's Book Emporium.
 23155 | D:13     | Reached ****** piety under Ashenzari
 23602 | D:13     | Reached skill level 10 in Evocations
 23732 | D:14     | Found a runed translucent door.
 23934 | D:14     | Found a gate to the Vaults.
 23967 | D:14     | Reached skill level 11 in Evocations
 23967 | D:14     | Reached XP level 16. HP: 89/119 MP: 0/0
 24107 | D:14     | Reached skill level 1 in Armour
 24156 | D:14     | Found an iron altar of Okawaru.
 24166 | D:14     | Reached skill level 9 in Fighting
 24250 | D:14     | Reached skill level 2 in Armour
 24651 | D:14     | Reached skill level 3 in Armour
 24714 | D:14     | Found an ornate altar of the Wu Jian Council.
 24948 | D:14     | Noticed Jiolyugh's ghost (journeyman GrEE)
 24948 | D:14     | Found the +11 plutonium sword {Contam Stlth-}
 24959 | D:14     | Killed Jiolyugh's ghost
 25052 | D:15     | Entered Level 15 of the Dungeon
 25087 | D:15     | Identified Roxanne's Codex of Transmogrification
 25087 | D:15     | Noticed Roxanne
 25091 | D:15     | Killed Roxanne
 25092 | D:15     | Reached skill level 1 in Axes
 25281 | D:14     | Reached skill level 2 in Axes
 25416 | D:15     | Reached skill level 3 in Axes
 25537 | D:15     | Reached skill level 4 in Axes
 25853 | D:15     | Found a sparkling altar of Nemelex Xobeh.
 25889 | D:15     | Reached skill level 5 in Axes
 26042 | D:15     | Noticed a frost giant
 26050 | D:15     | Killed a frost giant
 26239 | D:15     | Found the +1 robe of Vines {NoPotionHeal Regen++++}
 26243 | D:15     | Reached skill level 6 in Axes
 26795 | D:15     | Found a staircase to the Depths.
 27033 | Spider:1 | Entered Level 1 of the Spider Nest
 27043 | Spider:1 | HP: 12/120 [culicivora (20)]
 27043 | Spider:1 | Slain by a demonic crawler

Vanquished Creatures
  Roxanne (D:15)
  A frost giant (D:15)
  An orc warlord (Orc:1)
  A shambling mangrove (D:15)
  The ghost of Jiolyugh the Geomancer, a journeyman GrEE of Qazlal (D:14)
  8 vault guards (D:14)
  3 boulder beetles
  4 hydras (D:15)
  5 catoblepae
  6 centaur warriors
  3 two-headed ogres
  3 tengu warriors (D:15)
  5 death yaks (Lair:5)
  7 orc high priests (Orc:2)
  Nergalle (Lair:3)
  4 skeletal warriors (D:13)
  A deep troll (Orc:2)
  8 orc knights
  3 deep elf pyromancers
  A wolf spider (Lair:5)
  19 ugly things
  5 orc sorcerers
  6 cyclopes
  7 manticores
  5 elephants (Lair:4)
  2 merfolk sirens (Lair:2)
  4 black mambas
  9 cane toads
  3 gargoyles
  4 rime drakes
  10 komodo dragons
  3 unseen horrors
  An efreet (D:14)
  A tengu conjurer (D:10)
  2 merfolk (Lair:2)
  3 meliai (D:13)
  2 polar bears (Lair:2)
  A tarantella (Spider:1)
  10 trolls
  Grinder (D:3)
  22 blink frogs
  9 slime creatures
  A culicivora (Spider:1)
  4 wyverns
  3 shadows
  A vampire (D:9)
  Eustachio (D:5)
  52 yaks
  5 wraiths
  4 basilisks
  5 vampire mosquitoes
  A redback (Spider:1)
  A death yak simulacrum (IceCv)
  Menkaure (D:5)
  4 wargs (Orc:2)
  5 acid dragons
  15 water moccasins
  An ice beast (D:5)
  Pargi (Sewer)
  30 orc warriors
  A sky beast (D:8)
  4 black bears
  27 centaurs
  5 ogres
  35 wolves
  2 phantoms
  17 bullfrogs
  3 kobold brigands
  2 gnoll sergeants
  5 scorpions
  2 cane toad simulacra (IceCv)
  8 wights
  15 killer bees
  4 electric eels
  3 hounds
  27 orc priests
  A gnoll bouda (D:6)
  3 jellies
  Terence (D:3)
  A sleepcap (D:8)
  Ijyb (D:4)
  2 iguanas
  8 orc wizards
  2 polar bear simulacra (IceCv)
  13 gnolls
  10 adders
  A shadow imp (D:8)
  2 white imps
  3 worms
  70 orcs
  10 bats
  4 endoplasms
  8 giant cockroaches
  12 goblins
  5 hobgoblins
  12 kobolds
  10 quokkas
  7 ball pythons
  7 frilled lizards
  9 rats
  A spectral kobold (D:1)
  4 foxfires
698 creatures vanquished.

Vanquished Creatures (collateral kills)
  13 foxfires
13 creatures vanquished.

Vanquished Creatures (others)
  1375 foxfires
1375 creatures vanquished.

Grand Total: 2086 creatures vanquished

Table legend: (Time is in decaauts)
 A = Elapsed time spent in this place.
 B = Non-inter-level travel time spent in this place.
 C = Inter-level travel time spent in this place.
 D = Time resting spent in this place.
 E = Time spent auto-exploring this place.
 F = Levels seen in this place.
 G = Mean time per level.
                   A        B        C        D        E       F      G
               +--------+--------+--------+--------+--------+-----+--------+
         Total |  27045 |  25639 |   1406 |   3506 |  18303 |  26 | 1040.2 |
       Dungeon |  17256 |  16421 |    835 |   2068 |  11985 |  15 | 1150.4 |
        Temple |    161 |    144 |     17 |      0 |    127 |   1 |  161.0 |
          Lair |   6349 |   5947 |    402 |    735 |   4396 |   5 | 1269.8 |
   Spider Nest |     13 |     13 |      0 |      0 |      0 |   1 |   13.0 |
  Orcish Mines |   2999 |   2848 |    151 |    660 |   1659 |   2 | 1499.5 |
         Sewer |    182 |    182 |      0 |      0 |    136 |   1 |  182.0 |
      Ice Cave |     81 |     81 |      0 |     43 |      0 |   1 |   81.0 |
               +--------+--------+--------+--------+--------+-----+--------+

Top non-repeatable levels by time:
   Orc:2: 2426 daAuts
    D:14: 1757 daAuts
    D:12: 1569 daAuts
  Lair:5: 1486 daAuts
     D:8: 1430 daAuts
    D:15: 1388 daAuts
  Lair:1: 1385 daAuts
     D:7: 1296 daAuts
  Lair:3: 1266 daAuts
     D:9: 1242 daAuts
  Lair:4: 1171 daAuts
     D:3: 1150 daAuts
     D:4: 1103 daAuts
    D:13: 1044 daAuts
  Lair:2: 1039 daAuts

Table legend:
 A = Non-vault XP
 B = Vault XP
 C = Vault XP percentage of total XP
 D = Non-vault monster count
 E = Vault monster count
 F = Vault count percentage of total count
                 A         B        C        D         E       F
            +---------+---------+-------+---------+---------+-------
      Total |   92666 |   50831 |  35.4 |     497 |     197 |  28.4
            +---------+---------+-------+---------+---------+-------
        D:1 |      42 |       1 |   2.3 |      25 |       1 |   3.8
        D:2 |     122 |       0 |   0.0 |      25 |       0 |   0.0
        D:3 |     107 |     317 |  74.8 |      20 |       8 |  28.6
        D:4 |     237 |      36 |  13.2 |      15 |       1 |   6.2
        D:5 |     695 |     541 |  43.8 |      11 |       5 |  31.2
        D:6 |     771 |      12 |   1.5 |      14 |       6 |  30.0
        D:7 |    1337 |     407 |  23.3 |      11 |       2 |  15.4
        D:8 |    2366 |    1394 |  37.1 |      32 |      10 |  23.8
        D:9 |    1566 |       0 |   0.0 |      16 |       0 |   0.0
       D:10 |    1334 |     805 |  37.6 |      17 |       3 |  15.0
       D:11 |    2725 |     108 |   3.8 |      15 |       6 |  28.6
       D:12 |    7067 |       0 |   0.0 |      35 |       0 |   0.0
       D:13 |    8547 |       0 |   0.0 |      21 |       0 |   0.0
       D:14 |   10741 |    7847 |  42.2 |      24 |       9 |  27.3
       D:15 |   14630 |    7567 |  34.1 |      32 |       8 |  20.0
     Lair:1 |    9832 |     737 |   7.0 |      48 |       2 |   4.0
     Lair:2 |    5034 |    2386 |  32.2 |      24 |      11 |  31.4
     Lair:3 |    5373 |     763 |  12.4 |      24 |       1 |   4.0
     Lair:4 |    4726 |     401 |   7.8 |      17 |       2 |  10.5
     Lair:5 |    6351 |   12516 |  66.3 |      22 |      37 |  62.7
   Spider:1 |     690 |       0 |   0.0 |       3 |       0 |   0.0
      Orc:1 |    3377 |       0 |   0.0 |      18 |       0 |   0.0
      Orc:2 |    4996 |   13781 |  73.4 |      28 |      71 |  71.7
      Sewer |       0 |     234 | 100.0 |       0 |       8 | 100.0
      IceCv |       0 |     978 | 100.0 |       0 |       6 | 100.0
            +---------+---------+-------+---------+---------+-------
